Map: New Gettysburg LE

Players

Gracz

  • Race: Zerg Zerg
  • League: Silver

LitlaPi - Winner!

  • Race: Terran Terran

VOD

Have the link to the VOD?

Description

Time

  • Played on: Oct. 23, 2016, 11:46 a.m.
  • Length: 19:06
Show
View Real Time Build Order
Export as new Build Order

Gracz Zerg 

Build Orders: Hatch First 

Get SALT Encoding   

  12  0:01  Drone  
  13  0:09  Drone  
  14  0:23  Overlord  
  14  0:42  Drone x3  
  17  0:56  Unknown, Hatchery  
  16  1:02  Drone  
  17  1:18  Spawning Pool  
  16  1:20  Extractor  
  16  1:22  Drone x2  
  17  1:29  Drone  
  18  1:38  Drone  
  19  1:47  Drone  
  20  2:00  Extractor, Drone  
  20  2:08  Roach Warren, Unknown  
  19  2:11  Queen, Drone x2  
  23  2:21  Drone  
  24  2:29  Drone  
  24  3:00  Roach x2  
  28  3:09  Overlord x4  
  28  3:26  Queen  
  28  3:32  Roach  
  28  3:33  Roach x3  
  38  3:50  Lair  
  38  3:51  Drone  
  38  3:52  Drone x3  
  42  3:56  Drone x2  
  44  4:11  Roach x2  
  48  4:19  Zergling x6  
  48  4:20  Zergling x2  
  48  4:22  Overlord  
  52  4:41  Queen  
  54  4:50  Drone x2  
  54  4:51  Evolution Chamber  
  55  4:54  Evolution Chamber  
  55  4:59  Hydralisk Den  
  53  5:03  Infestation Pit  
  47  5:17  Queen  
  44  5:29  Hydralisk x6  
  44  5:33  Ravager x3  
  44  5:34  Ravager  
  55  6:01  Zergling x8  
  56  6:20  Glial Reconstitution  
  56  6:22  Unknown, Hatchery  
  56  6:23  Zerg Ground Armor Level 1  
  55  6:28  Zerg Melee Weapons Level 1  
  55  6:30  Drone x3  
  55  6:31  Drone  
  59  6:34  Extractor  
  59  6:36  Extractor  
  57  6:50  Zergling x2  
  57  6:51  Zergling x4  
  60  6:57  Overlord x2  
  60  7:33  Unknown  
  60  7:35  Roach  
  60  7:36  Roach x9  
  80  7:55  Hive  
  80  8:05  Drone x2  
  82  8:09  Overseer  
  80  8:29  Roach  
  80  8:32  Overlord x4  
  82  8:50  Drone x8  
  82  8:51  Drone  
  91  9:10  Pneumatized Carapace  
  91  9:20  Drone  
  91  9:21  Drone x7  
  99  9:37  Hydralisk x4  
  107  10:00  Hydralisk x3  
  107  10:03  Zergling x6  
  112  10:27  Hydralisk  
  114  10:57  Overlord x4  
  114  11:13  Unknown, Hatchery  
  113  11:48  Zerg Ground Armor Level 2, Zerg Melee Weapons Level 2  
  113  11:52  Metabolic Boost, Ultralisk Cavern  
  112  11:54  Tunneling Claws  
  109  12:10  Hydralisk x14  
  109  12:11  Hydralisk x2  
  109  12:13  Overlord  
  141  12:25  Unknown  
  141  12:34  Roach  
  141  12:35  Roach x5  
  153  12:37  Overlord  
  153  12:51  Chitinous Plating  
  153  12:55  Lurker Den  
  153  13:10  Drone  
  153  13:11  Adrenal Glands, Drone x2  
  117  13:50  Viper  
  117  13:51  Viper x2  
  122  14:04  Spire  
  121  14:23  Hydralisk x5  
  131  14:36  Extractor  
  127  15:05  Hydralisk  
  127  15:06  Hydralisk x4  
  134  15:47  Mutalisk x2  
  138  15:55  Extractor  
  137  16:20  Extractor  
  137  16:21  Extractor  
  135  16:30  Drone  
  135  16:31  Drone x2  
  138  16:37  Unknown, Hatchery  
  137  16:41  Roach x4, Corruptor x3  
  151  16:52  Drone x4  
  155  17:08  Roach  
  157  17:11  Overlord x4  
  157  17:21  Drone x2  
  159  17:48  Unknown  
  159  17:50  Drone x11  
  159  17:51  Drone x10  
  169  18:08  Mutalisk  
  169  18:09  Roach x2  
  169  18:10  Roach x4  
  156  18:30  Roach  
  156  18:31  Roach x16  
Show
View Real Time Build Order
Export as new Build Order

LitlaPi Terran - Winner!

Build Orders:  

Get SALT Encoding   

  12  0:01  SCV  
  13  0:13  SCV  
  14  0:20  Supply Depot  
  14  0:25  SCV  
  15  0:41  SCV  
  16  0:44  Barracks  
  16  0:47  Refinery  
  16  0:53  SCV  
  17  1:05  SCV  
  18  1:18  SCV  
  19  1:31  Supply Depot  
  19  1:32  Orbital Command  
  19  1:33  Reaper  
  20  2:01  SCV  
  21  2:04  Unknown, Command Center  
  21  2:14  SCV  
  22  2:16  Barracks Tech Lab  
  22  2:25  Factory  
  22  2:27  Refinery, SCV  
  23  2:38  Marine  
  23  2:39  SCV  
  25  3:07  Marine  
  26  3:14  Factory Reactor  
  26  3:15  Unknown  
  26  3:16  Starport  
  26  3:19  Factory Tech Lab  
  26  3:24  SCV  
  26  3:25  Marine  
  28  3:37  SCV  
  29  3:48  Orbital Command  
  29  3:49  Marauder  
  29  3:52  Siege Tank  
  34  4:00  Starport Tech Lab  
  34  4:16  Barracks  
  34  4:18  SCV x2  
  34  4:19  Engineering Bay  
  34  4:21  Banshee  
  39  4:30  Refinery, SCV x2, Marauder  
  43  4:42  SCV x2  
  45  4:48  Refinery  
  45  4:53  Cloaking Field  
  45  4:54  SCV  
  45  4:58  Supply Depot  
  45  4:59  Terran Infantry Weapons Level 1  
  46  5:04  Barracks Reactor  
  46  5:08  Barracks  
  46  5:14  SCV, Marauder  
  46  5:15  SCV  
  46  5:21  Siege Tank  
  43  5:34  SCV x2  
  45  5:35  Marine  
  46  5:45  Marine x2  
  46  5:46  SCV x2  
  50  5:58  SCV  
  50  5:59  Marine  
  50  6:02  Medivac  
  54  6:07  Supply Depot  
  54  6:10  Barracks Reactor  
  54  6:28  Marine x2, SCV, Siege Tank  
  54  6:29  Marauder  
  54  6:30  Supply Depot  
  62  6:47  Supply Depot  
  62  6:51  Starport, SCV x2, Banshee  
  62  6:52  Supply Depot  
  62  6:53  Terran Infantry Armor Level 1  
  67  6:54  Armory  
  67  7:00  Siege Tank  
  70  7:05  Stimpack  
  70  7:06  Unknown, Command Center  
  70  7:09  Marine x4, SCV x2, Marauder  
  70  7:13  Supply Depot  
  70  7:14  Supply Depot  
  78  7:21  SCV  
  79  7:33  Marine x4  
  79  7:34  Marauder  
  79  7:35  Siege Tank  
  79  7:37  Medivac  
  89  7:42  Starport Reactor  
  89  7:48  Supply Depot  
  89  7:49  Supply Depot  
  89  7:50  Terran Vehicle And Ship Armor Level 1  
  89  7:53  SCV  
  89  7:54  Marine x2, SCV  
  89  7:55  Engineering Bay  
  89  7:58  Marine x2  
  95  8:17  Liberator x2  
  95  8:18  Unknown  
  92  8:29  Marine x4  
  92  8:30  Marauder  
  92  8:31  Siege Tank  
  104  8:35  Medivac  
  104  8:37  Supply Depot  
  104  8:39  Supply Depot  
  109  8:46  Fusion Core  
  109  8:51  Orbital Command  
  109  9:00  Marine x5  
  114  9:04  SCV  
  114  9:05  SCV  
  116  9:10  Liberator, Terran Infantry Weapons Level 2  
  116  9:15  Supply Depot  
  116  9:17  SCV x2  
  117  9:19  Marine x2  
  117  9:21  Terran Infantry Armor Level 2  
  120  9:24  Supply Depot  
  120  9:29  SCV  
  124  9:40  Marine x4  
  124  9:42  Siege Tank, Marauder  
  133  9:48  Refinery  
  133  9:50  Refinery  
  133  10:01  SCV x3  
  133  10:03  Marine x4  
  133  10:05  Marauder  
  142  10:08  Medivac  
  142  10:13  SCV x3  
  147  10:14  Siege Tank  
  150  10:25  SCV x3  
  150  10:26  Marine x3  
  150  10:27  Marine x2  
  158  10:38  SCV x3  
  161  10:47  Siege Tank  
  164  10:55  Supply Depot, Advanced Ballistics  
  164  10:57  Supply Depot  
  164  10:59  Liberator x2  
  164  11:06  SCV  
  164  11:09  Terran Vehicle And Ship Armor Level 2  
  165  11:14  Unknown, Command Center  
  165  11:16  SCV x2  
  165  11:17  Supply Depot  
  173  11:19  Marine x2, Banshee  
  173  11:20  Combat Shields  
  173  11:21  Supply Depot  
  173  11:23  Siege Tank  
  181  11:37  SCV  
  181  11:39  Marine x4  
  185  11:40  Marauder  
  187  11:54  SCV x3  
  188  11:55  Siege Tank  
  188  11:56  Marine  
  188  12:00  Medivac  
  196  12:03  Supply Depot  
  196  12:05  Supply Depot, Terran Infantry Weapons Level 3  
  196  12:06  SCV  
  197  12:25  Medivac, SCV  
  200  12:38  Terran Infantry Armor Level 3  
  200  12:53  Unknown, Command Center  
  200  13:13  Concussive Shells  
  200  13:19  Armory  
  199  13:27  SCV  
  199  13:31  Liberator  
  200  14:03  Terran Vehicle And Ship Armor Level 3  
  200  14:04  Unknown  
  200  14:07  Terran Vehicle Weapons Level 1  
  200  14:41  Orbital Command  
  200  14:50  Liberator x2  
  200  14:52  Liberator  
  200  15:23  Factory  
  200  15:24  Barracks  
  200  15:26  Barracks  
  200  15:32  Starport  
  200  16:05  Refinery  
  200  16:06  Refinery  
  197  16:29  Banshee  
  197  16:36  Starport Reactor  
  197  16:40  Barracks Reactor x2  
  197  16:43  Factory Tech Lab  
  197  17:12  Banshee  
  200  17:48  Liberator x3  
  200  17:49  Liberator  
  190  18:07  Marine x2  
  192  18:34  Marine x4  
  192  18:35  Marine x4  
Tags
 
Add a new tag
Caveats
  • Supply blocks, unpowered buildings, or Contaminate may cause inaccurate times.
  • Supply counts are checked every 10 seconds.